 Dungeon Crawl Stone Soup version 0.29.1 (webtiles) character file.

Game seed: 4068913152909819178

1885 greasedhog the Schismatic (level 9, -6/54 HPs)
             Began as a Gargoyle Abyssal Knight on Sept 13, 2022.
             Was an Elder of Lugonu.
             Killed from afar by a white imp (13 damage)
             ... with a puff of frost
             ... on level 6 of the Dungeon.
             The game lasted 00:08:48 (7335 turns).

greasedhog the Schismatic (Gargoyle Abyssal Knight) Turns: 7335, Time: 00:08:49

Health: -6/54      AC: 15    Str: 26    XL:     9   Next: 14%
Magic:  10/14      EV: 11    Int: 12    God:    Lugonu [****..]
Gold:   303        SH:  0    Dex: 10    Spells: 8/8 levels left

rFire   + . .      SeeInvis .   w - +2 whip (drain)
rCold   . . .      Faith    .   (no shield)
rNeg    + . .      Spirit   .   q - +1 scale mail {rF+}
rPois   ∞          Reflect  .   v - +0 helmet
rElec   +          Harm     .   (no cloak)
rCorr   .          Rampage  .   (no gloves)
Will    .....                   (no boots)
Stlth   ..........              (no amulet)
HPRegen 0.18/turn               i - +6 ring of strength
MPRegen 0.14/turn               (no ring)

@: no status effects
A: sickness immunity, AC +6, negative energy resistance 1, electricity
resistance, torment resistance 1, petrification resistance
a: Renounce Religion, Depart the Abyss, Bend Space, Banish, Corrupt


You were on level 6 of the Dungeon.
You worshipped Lugonu.
Lugonu was greatly pleased with you.
You visited 1 branch of the dungeon, and saw 6 of its levels.
You visited the Abyss 1 time.
You also visited: Sewer.

You collected 303 gold pieces.

Inventory:

Hand Weapons
 j - a +0 morningstar
 w - a +2 whip of draining (weapon)
Armour
 q - a +1 scale mail of fire resistance (worn)
 v - a +0 helmet (worn)
Jewellery
 i - a +6 ring of strength (left hand)
Wands
 a - a wand of mindburst (13)
 e - a wand of polymorph (8)
 y - a wand of quicksilver (9)
Scrolls
 b - a scroll of vulnerability {unknown}
 c - 2 scrolls of fear
 d - 3 scrolls of immolation
 f - 2 scrolls of enchant weapon {unknown}
 g - 3 scrolls of teleportation
 k - a scroll of brand weapon {unknown}
 o - 2 scrolls of blinking {unknown}
 p - 2 scrolls of poison
 z - a scroll of amnesia
Potions
 h - a potion of invisibility {unknown}
 l - 5 potions of haste {unknown}
 m - a potion of magic {unknown}
 n - 3 potions of degeneration
 r - a potion of flight {unknown}
 s - a potion of lignification
 t - 2 potions of berserk rage {unknown}
 u - 2 potions of heal wounds
 A - a potion of curing {unknown}
 B - a potion of mutation {unknown}


   Skills:
 - Level 5.1 Fighting
 * Level 6.9 Maces & Flails
 - Level 5.0 Armour
 * Level 3.0 Dodging
 * Level 7.6 Invocations


You had 8 spell levels left.
You didn't know any spells.
Your spell library contained the following spells:

 Spells                   Type           Power      Damage    Failure   Level
 Ensorcelled Hibernation  Hex/Ice        0%         N/A       73%         2
 Passwall                 Tmut/Erth      0%         N/A       73%         2
 Gell's Gravitas          Tloc           0%         N/A       91%         3
 Lesser Beckoning         Tloc           0%         N/A       91%         3
 Swiftness                Air            0%         N/A       91%         3
 Teleport Other           Tloc           0%         N/A       91%         3


Dungeon Overview and Level Annotations

Branches:
Dungeon (6/15)              Sewer (visited)
 Temple: D:4-7

Altars:
Gozag
Qazlal
Uskayaw

Annotations:
D:3 1 runed translucent door, videwesjr's ghost, amateur MiFi
Abyss:1 Pargi


Innate Abilities, Weirdness & Mutations

You are immune to sickness and miasma.
Your stone body is resilient. (AC +6)
You are immune to poison.
You resist negative energy. (rN+)
You are resistant to electric shocks. (rElec)
You are resistant to unholy torment.
You are immune to petrification.


Message History

The wight is severely damaged.
You barely miss the wight.
The wight is severely damaged.
The wight hits you with a +3 falchion. The white imp closely misses you.
You hit the wight.
The wight is almost destroyed.
The wight hits you but does no damage. The white imp barely misses you.
You hit the wight.
You destroy the wight!
Lugonu accepts your kill. The white imp gestures at you.
The puff of frost hits you!
* * * LOW HITPOINT WARNING * * *
You closely miss the wight.
Press: ? - help, Shift-Dir - straight line, f - wight
Aim: a wight, wielding a +0 dagger and wearing a +0 robe (chance to affect: 84%)
The wight is devoured by a tear in reality.
Lugonu claims a new guest.
The white imp puffs mist at you. The white imp gestures at you.
The puff of frost hits you but does no damage.
Your Dodging skill increases to level 3!
You hit the white imp but do no damage.
The white imp hits you but does no damage.
You barely miss the white imp. The white imp barely misses you.
You closely miss the white imp. The white imp gestures at you.
The puff of frost hits you but does no damage.
You hit the white imp.
The white imp is heavily wounded.
You barely miss the white imp.
The white imp is heavily wounded.
The white imp gestures at you. The puff of frost hits you!
* * * LOW HITPOINT WARNING * * *
You barely miss the white imp.
The white imp is heavily wounded.
The white imp gestures at you. The puff of frost hits you!
You die...

....#.##............)#
##.##.##......#..#...#
...........##........#
##.#.########.#......#
#......######.#.##...#
.......#......#......#
...#................##
.........###..####.##
...#.....#....§§@5.#
##.>.).....#..#####......#
.......#..# .####.#
###....z..# .# #......##
.# ###...## .# #[..# .5
#...# .h #...#


You could see a white imp.

Vanquished Creatures
  Sigmund (D:3)
  3 ice beasts
  2 black bears
  An ogre (D:5)
  A necrophage (D:4)
  A bullfrog (D:6)
  4 scorpions
  A wight (D:6)
  A jelly (D:4)
  An orc priest (D:5)
  A hound (D:5)
  2 iguanas (D:5)
  Terence (D:3)
  Natasha (thrice) (D:2)
  4 orc wizards
  15 adders
  4 gnolls (D:2)
  2 river rats (D:3)
  4 worms (D:3)
  A dart slug (D:4)
  14 orcs
  7 endoplasms
  7 giant cockroaches
  7 hobgoblins
  3 jackals (D:4)
  11 kobolds
  3 quokkas
  8 ball pythons
  3 bats
  7 frilled lizards
  6 goblins
  7 rats
136 creatures vanquished.

Notes
Turn   | Place    | Note
-------+----------+-------------------------------------------
     0 | Abyss:1  | greasedhog the Gargoyle Abyssal Knight began the quest for
                  | the Orb.
     0 | Abyss:1  | Reached XP level 1. HP: 14/14 MP: 2/2
     1 | D:1      | Escaped the Abyss
   349 | D:1      | Reached XP level 2. HP: 19/19 MP: 3/3
   789 | D:2      | Found a faded altar of an unknown god.
  1042 | D:2      | Reached XP level 3. HP: 10/24 MP: 3/5
  1362 | D:2      | Noticed Natasha
  1377 | D:2      | Killed Natasha
  1378 | D:2      | Reached skill level 3 in Invocations
  1378 | D:2      | Reached XP level 4. HP: 29/29 MP: 6/6
  1485 | D:2      | Noticed Natasha
  1491 | D:2      | Killed Natasha
  1789 | D:2      | Noticed Natasha
  1802 | D:2      | Killed Natasha
  1805 | D:2      | Reached *** piety under Lugonu
  1806 | D:2      | Reached XP level 5. HP: 8/34 MP: 7/7
  2742 | D:2      | Identified the +7 spear of Ziyl {drain, *Corrode rPois
                  | rN++}
  2941 | D:3      | HP: 1/34 [worm (9)]
  3275 | D:3      | Reached skill level 4 in Invocations
  3302 | D:3      | Found a glowing drain.
  3310 | Sewer    | Entered a sewer
  3404 | Sewer    | Noticed Pargi
  3423 | Sewer    | Banished Pargi
  3424 | Sewer    | Reached skill level 5 in Fighting
  3424 | Sewer    | Reached XP level 6. HP: 7/40 MP: 4/9
  3985 | D:3      | Noticed Terence
  3996 | D:3      | Killed Terence
  4391 | D:3      | Found a runed translucent door.
  4391 | D:3      | Noticed videwesjr's ghost (amateur MiFi)
  4424 | D:3      | Reached skill level 5 in Invocations
  4424 | D:3      | Reached XP level 7. HP: 35/44 MP: 10/10
  4487 | D:3      | Noticed Sigmund
  4490 | D:3      | Killed Sigmund
  4650 | D:3      | Found a hide-covered altar of Uskayaw.
  4681 | D:3      | Found an opulent altar of Gozag.
  4946 | D:4      | Reached skill level 5 in Maces & Flails
  5536 | D:4      | Reached XP level 8. HP: 42/49 MP: 12/12
  5709 | D:4      | Reached **** piety under Lugonu
  5849 | D:4      | Reached skill level 6 in Invocations
  5854 | D:4      | Found a stormy altar of Qazlal.
  5941 | D:5      | Entered Level 5 of the Dungeon
  6109 | D:5      | Reached skill level 5 in Armour
  6268 | D:5      | Reached skill level 1 in Dodging
  6542 | D:5      | Reached skill level 7 in Invocations
  7080 | D:6      | Reached XP level 9. HP: 43/54 MP: 14/14
  7335 | D:6      | Killed from afar by a white imp

Illustrated notes

Levels and vault maps discovered:
D:1:      psy_arrival_spokes, layout_loops_ring, hangedman_decor_growths
D:2:      layout_loops_corners, hellmonk_ecumenical_altar_run_dry, uniq_natasha
D:3:      layout_basic, grunt_gozag_statues, mainiacjoe_overflow_alcove_1,
          lightli_sewer_entry_pipes, gammafunk_ghost_grave, dk_noncrumbling_3,
          uniq_sigmund, uniq_terence
D:4:      cheibrodos_helix_gallery, layout_basic, lemuel_doored_altar
D:5:      layout_loops_corners
D:6:      layout_loops_cross, mainiacjoe_overflow_six_doors_small,
          nicolae_overflow_crystal_walls, lemuel_round_altar, st_stairs_6,
          solitary_fountain, grunt_ministairs_15

Skill      XL: |  1  2  3  4  5  6  7  8  9 |
---------------+----------------------------+-----
Fighting       | 4 5 |  5.1
Invocations    | 3 4 5 7 |  7.6
Maces & Flails | 3 4 5 6 |  6.9
Armour         | 3 4 5 |  5.0
Dodging        | 2 3 |  3.0

Action                   |  1- 3 |  4- 6 |  7- 9 || total
-------------------------+-------+-------+-------++-------
Melee: Mace              |    66 |     7 |       ||    73
       Punch             |     1 |     1 |     2 ||     4
       Hand axe          |       |   238 |       ||   238
       Morningstar       |       |    24 |    85 ||   109
       Whip              |       |       |   169 ||   169
Invok: Banish            |       |     1 |     1 ||     2
Evoke: Wand              |       |       |     5 ||     5
  Use: Scroll            |     3 |     4 |     2 ||     9
       Potion            |       |     6 |       ||     6
Armor: Leather armour    |    20 |       |       ||    20
       Chain mail        |     3 |   177 |       ||   180
       Skin              |     2 |    10 |       ||    12
       Scale mail        |       |    17 |   167 ||   184
Dodge: Dodged            |    32 |   105 |   150 ||   287
